 Dungeon Crawl Stone Soup version 0.31-a0-175-g9f7f995f2b (webtiles) character file.

Game seed: 18104226103997911350

865 qw the Skirmisher (level 8, -1/51 HPs)
             Began as a Gargoyle Hunter on June 17, 2023.
             Killed from afar by an orc wizard (4 damage)
             ... with a puff of flame
             ... on level 5 of the Dungeon.
             The game lasted 00:01:08 (2729 turns).

qw the Skirmisher (Gargoyle Hunter)                 Turns: 2729, Time: 00:01:08

Health: -1/51      AC: 10    Str: 14    XL:     8   Next: 3%
Magic:  8/8        EV: 11    Int: 11    God:
Gold:   244        SH:  0    Dex: 15    Spells: 7/7 levels left

rFire   . . .        Y - +1 shortbow (flame)
rCold   . . .        (shield currently unavailable)
rNeg    + . .        h - +0 ring mail
rPois   inf          (no helmet)
rElec   +            (no cloak)
rCorr   .            (no gloves)
SInv    .            (no boots)
Will    .....        (no amulet)
Stlth   +            (no ring)
HPRegen 0.28/turn    (no ring)
MPRegen 0.11/turn

%: no passive effects
@: no status effects
A: sickness immunity, AC +5, negative energy resistance 1, electricity
resistance, torment resistance 1, petrification resistance
a: no special abilities


You were on level 5 of the Dungeon.
You visited 1 branch of the dungeon, and saw 5 of its levels.

You collected 244 gold pieces.


Innate Abilities, Weirdness & Mutations

You are immune to sickness and miasma.
Your stone body is resilient. (AC +5)
You are immune to poison.
You resist negative energy. (rN+)
You are resistant to electric shocks. (rElec)
You are resistant to unholy torment.
You are immune to petrification.


   Skills:
 + Level 5.8 Fighting
 - Level 12.4 Ranged Weapons
 - Level 1.0 Armour
 - Level 2.3 Dodging
 - Level 1.1 Stealth


You had 7 spell levels left.
You didn't know any spells.
Your spell library was empty.

Inventory:

Hand Weapons
 Y - a +1 shortbow of flaming (weapon)
Armour
 b - +0 steam dragon scales
 h - a +0 ring mail (worn)
Scrolls
 a - 2 scrolls of blinking {unknown}
 e - a scroll of identify
Potions
 c - a potion of heal wounds {unknown}
 d - a potion of degeneration {unknown}
 f - a potion of brilliance {unknown}
 i - a potion of berserk rage {unknown}

Dungeon Overview and Level Annotations

Branches:
Dungeon (5/15)
 Temple: D:4-7

Altars:
Nemelex Xobeh
Uskayaw
Yredelemnul

Shops:
D:4 (


Message History

The orc hits you but does no damage. Something hits you but does no damage.
The orc warrior hits you with a +0 hand axe!
The orc hits you with a +0 hand axe.
You shoot an arrow.
The arrow hits the orc warrior but does no damage.
The orc warrior is severely wounded.
The orc misses you. Something hits you. Something freezes you.
The orc warrior hits you with a +0 hand axe.
The orc hits you but does no damage.
You shoot an arrow.
The arrow hits the orc warrior but does no damage.
The orc warrior is severely wounded.
The orc hits you but does no damage. Something hits you but does no damage.
The orc barely misses you.
The orc warrior hits you with a +0 hand axe.
You shoot an arrow.
The arrow hits the orc warrior but does no damage.
The orc warrior is severely wounded.
The orc closely misses you.
You hear some strange, mumbled words.
A magic dart appears from out of thin air!
The magic dart hits you! The orc barely misses you.
The orc warrior barely misses you.
You shoot an arrow. The arrow hits the orc warrior.
The arrow burns the orc warrior.
The orc warrior is almost dead.
The orc closely misses you.
You hear some strange, mumbled words.
A puff of flame appears from out of thin air!
The puff of flame hits you but does no damage.
The orc closely misses you.
The orc warrior hits you but does no damage.
You shoot an arrow. The arrow hits the orc warrior!
The arrow burns the orc warrior.
You kill the orc warrior!
The orc barely misses you. The orc misses you.
You hear some strange, mumbled words.
A puff of flame appears from out of thin air!
The puff of flame hits you.
You die...

### # . #.# ..#..
##.###.....
#..){..#.#.
#..@o...).#
##...o....).
##..........#
##..........#. ##
#.............
##.####.........###
#...#............)
##.<.#.............
#...............##.


You could see 2 orcs.

Vanquished Creatures
  Grinder (D:5)
  A steam dragon (D:5)
  An orc warrior (D:5)
  An ogre (D:5)
  2 scorpions
  A hound (D:4)
  Jessica (D:3)
  An orc wizard (D:5)
  A hound zombie (D:3)
  A howler monkey zombie (D:3)
  3 gnolls (D:4)
  3 adders
  A white imp (D:5)
  2 worms (D:2)
  A dart slug (D:4)
  5 orcs (D:5)
  5 endoplasms
  4 giant cockroaches
  7 goblins
  7 hobgoblins
  A quokka (D:4)
  5 ball pythons
  3 bats
  A frilled lizard (D:2)
  4 kobolds
  A quokka zombie (D:3)
  5 rats
69 creatures vanquished.

Notes
Turn   | Place    | Note
-------+----------+-------------------------------------------
     0 | D:1      | qw the Gargoyle Hunter began the quest for the Orb.
     0 | D:1      | Reached XP level 1. HP: 12/12 MP: 1/1
     0 | D:1      | 0 ||| qw: Version: 0.3-a-2-g5ab2908
     0 | D:1      | 0 ||| qw: Game counter: 177
     0 | D:1      | 0 ||| qw: Always use a shield: true
     0 | D:1      | 0 ||| qw: God list: Okawaru
     0 | D:1      | 0 ||| qw: Allow faded altars: false
     0 | D:1      | 0 ||| qw: Do Orc after D:15 true
     0 | D:1      | 0 ||| qw: Do second Lair branch before Depths: true
     0 | D:1      | 0 ||| qw: Lair rune preference: random
     0 | D:1      | 0 ||| qw: Plans: Normal, Zot:1-4, Slime:5, God:TSO, Crypt,
                  | Tomb, Abyss, Pan, Hells, Win
     0 | D:1      | 0 ||| PLANNING D:1-11
   230 | D:1      | Reached XP level 2. HP: 17/17 MP: 2/2
   648 | D:1      | 648 ||| UPGRADING to +0 ring mail.
   658 | D:1      | 658 ||| DROPPING +0 leather armour.
   659 | D:1      | 659 ||| READING scroll labelled LUN ETICZOULL.
   660 | D:1      | 660 ||| READING 2 scrolls labelled KAZYTU QOJUM.
   661 | D:1      | 661 ||| READING scroll labelled DIAXTO SENEMP.
   662 | D:1      | 662 ||| DROPPING scroll of butterflies.
   750 | D:2      | Reached skill level 1 in Armour
   815 | D:2      | Reached XP level 3. HP: 21/21 MP: 3/3
  1161 | D:2      | Reached skill level 5 in Ranged Weapons
  1311 | D:2      | 1311 ||| READING scroll labelled CURIES UNGIRR.
  1352 | D:3      | Noticed Jessica
  1354 | D:3      | Killed Jessica
  1355 | D:3      | Reached skill level 3 in Fighting
  1355 | D:3      | Reached XP level 4. HP: 28/28 MP: 4/4
  1376 | D:3      | Noticed a +0 falchion
  1376 | D:3      | Noticed a +0 dagger
  1377 | D:3      | Noticed a +0 spear
  1377 | D:3      | Noticed a +0 short sword
  1377 | D:3      | Noticed a +0 falchion
  1377 | D:3      | Noticed a +0 dagger
  1378 | D:3      | Noticed a +0 short sword
  1378 | D:3      | Noticed a +0 spear
  1380 | D:3      | Found a hide-covered altar of Uskayaw.
  1502 | D:3      | Found a sparkling altar of Nemelex Xobeh.
  1638 | D:3      | Found a basalt altar of Yredelemnul.
  1740 | D:3      | 1740 ||| READING 2 scrolls of identify.
  1740 | D:3      | 1740 ||| IDENTIFYING bubbling green potion
  1741 | D:3      | 1741 ||| DRINKING potion of experience.
  1741 | D:3      | Reached skill level 12 in Ranged Weapons
  1741 | D:3      | Reached XP level 5. HP: 32/32 MP: 5/5
  1857 | D:4      | Reached XP level 6. HP: 23/37 MP: 6/6
  1980 | D:4      | Found Woosmiytz's Antique Weapon Shoppe.
  2291 | D:4      | 2291 ||| READING scroll labelled LONUYNIAZA.
  2292 | D:4      | 2292 ||| READING scroll labelled DODDAH TEZUUCW.
  2323 | D:5      | Entered Level 5 of the Dungeon
  2353 | D:5      | Reached XP level 7. HP: 31/44 MP: 7/7
  2472 | D:5      | Noticed Grinder
  2479 | D:5      | Killed Grinder
  2506 | D:5      | Noticed a steam dragon
  2510 | D:5      | 2510 ||| Stepping ~*~*~tactically~*~*~ (cloud).
  2511 | D:5      | 2511 ||| Stepping ~*~*~tactically~*~*~ (cloud).
  2518 | D:5      | HP: 8/45 [steam dragon (6)]
  2521 | D:5      | Killed a steam dragon
  2521 | D:5      | HP: 3/45 [adder (2)]
  2711 | D:5      | Reached XP level 8. HP: 50/51 MP: 8/8
  2726 | D:5      | HP: 11/51 [orc warrior/+0 hand axe (4)]
  2727 | D:5      | HP: 2/51 [something/magic dart (9)]
  2729 | D:5      | Killed from afar by an orc wizard

Levels and vault maps discovered:
D:1:      sevenhm_arrival_forest_fort_large_4, layout_basic
D:2:      layout_loops_cross, kennysheep_generic_room_5
D:3:      layout_rooms, mainiacjoe_overflow_cross_hatched,
          nicolae_yredelemnul_corpse_copse, nicolae_uskayaw_en_pointe,
          uniq_jessica
D:4:      layout_basic, serial_shops, shop
D:5:      layout_cave_pools, minmay_temple_entry_crystal_x,
          minmay_misc_feat_rows, minmay_puff, uniq_grinder

Skill      XL: |  1  2  3  4  5  6  7 |
---------------+----------------------+-----
Armour         | 1 |  1.0
Ranged Weapons | 5 12 | 12.4
Fighting       | 3 4 5 |  5.8
Dodging        | 2 |  2.3
Stealth        | |  1.1

Action                     |  1- 3 |  4- 6 |  7- 9 || total
---------------------------+-------+-------+-------++-------
   Fire: Shortbow          |   115 |    97 |    64 ||   276
    Use: Scroll            |     4 |     3 |       ||     7
         Potion            |       |     1 |       ||     1
 Armour: Ring mail         |    24 |    12 |    30 ||    66
  Dodge: Dodged            |    31 |    16 |    30 ||    77

Table legend:
 A = Non-vault XP
 B = Vault XP
 C = Vault XP percentage of total XP
 D = Non-vault monster count
 E = Vault monster count
 F = Vault count percentage of total count
                 A         B        C        D         E       F
            +---------+---------+-------+---------+---------+-------
      Total |     881 |     343 |  28.0 |      62 |       7 |  10.1
            +---------+---------+-------+---------+---------+-------
        D:1 |      18 |       0 |   0.0 |      11 |       0 |   0.0
        D:2 |      30 |       4 |  11.8 |      15 |       2 |  11.8
        D:3 |      31 |      77 |  71.3 |      11 |       4 |  26.7
        D:4 |     182 |       0 |   0.0 |      12 |       0 |   0.0
        D:5 |     620 |     262 |  29.7 |      13 |       1 |   7.1
            +---------+---------+-------+---------+---------+-------
